 Dungeon Crawl Stone Soup version 0.13.0-18-g7b03ea5 (webtiles) character file.

1277 Ragg the Ducker (level 8, 0/68 HPs)
             Began as a Minotaur Berserker on Oct 23, 2013.
             Was an Elder of Trog.
             Succumbed to a kobold's poison
             ... on Level 6 of the Dungeon.
             The game lasted 00:27:29 (6043 turns).

Ragg the Ducker (Minotaur Berserker)                Turns: 6043, Time: 00:27:29

HP   0/68        AC 10     Str 25      XL: 8   Next:  0%
MP   2/2         EV  8     Int  4      God: Trog [****..]
Gold 271         SH  0     Dex  9      Spells:  0 memorised,  7 levels left

Res.Fire  : . . .   See Invis. : .   a - +0 spear {=f}
Res.Cold  : . . .   Warding    : .   y - +0 chain mail
Life Prot.: + . .   Conserve   : .   (no shield)
Res.Poison: .       Res.Corr.  : .   (helmet unavailable)
Res.Elec. : .       Clarity    : .   (no cloak)
Sust.Abil.: . .     Spirit.Shd : .   (no gloves)
Res.Mut.  : .       Stasis     : .   (no boots)
Res.Rott. : .       Flight     : +   z - amulet of inaccuracy {unknown}
Saprovore : . . .                    (no ring)
                                     s - ring of positive energy {unknown}

@: flying, very poisoned, slightly resistant to hostile enchantments, extremely
unstealthy
A: retaliatory headbutt, horns 3, blurry vision 1
a: Burn Spellbooks, Berserk, Trog's Hand, Brothers in Arms, Renounce Religion


You were on level 6 of the Dungeon.
You worshipped Trog.
Trog was greatly pleased with you.
You were not hungry.

You visited 1 branch of the dungeon, and saw 6 of its levels.

You collected 251 gold pieces.

Inventory:

Hand weapons
 a - a +0,+0 spear (weapon) {=f}
Armour
 y - a +0 chain mail (worn)
Magical devices
 A - a wand of paralysis (11) {unknown}
Comestibles
 c - 4 bread rations
 u - a meat ration
 B - a choko
Scrolls
 d - a scroll of curse armour {unknown}
 e - 4 scrolls of teleportation
 h - 2 scrolls of enchant weapon I {unknown}
 i - a scroll of amnesia {unknown}
 j - a scroll of magic mapping {unknown}
 k - a scroll of fear {unknown}
 l - a scroll of recharging {unknown}
 m - a scroll of noise {unknown}
 n - a scroll of curse jewellery {unknown}
 o - a scroll of acquirement {unknown}
 p - 2 scrolls of curse weapon {unknown}
 q - 7 scrolls of remove curse
 r - 7 scrolls of identify {unknown}
 v - a scroll of enchant weapon II {unknown}
 w - 2 scrolls of blinking {unknown}
 D - a scroll of fog {unknown}
Jewellery
 s - a ring of positive energy (left hand) {unknown}
 z - an amulet of inaccuracy (around neck) {unknown}
Potions
 b - a potion of slowing {unknown}
 f - a potion of agility
 g - a potion of heal wounds {unknown}
 C - a potion of berserk rage {unknown}


   Skills:
 + Level 5.2 Fighting
 + Level 6.4 Polearms
 + Level 6.0 Armour
 + Level 6.4 Dodging
 + Level 1.2 Stealth


You had 7 spell levels left.
You didn't know any spells.

Dungeon Overview and Level Annotations

Branches:
Dungeon (6/27)             Temple (0/1) D:4
    Orc: D:6-11

Altars:
Xom


Innate Abilities, Weirdness & Mutations

You reflexively headbutt those who attack you in melee.
You have a pair of large horns on your head.
Your vision is a little blurry.


Message History

Unknown command.
You start resting.
* * * LOW HITPOINT WARNING * * *
You feel very sick.
You start resting.
* * * LOW HITPOINT WARNING * * *
You feel very sick.
You start resting.
* * * LOW HITPOINT WARNING * * *
You feel sick.
You feel extremely strange. The horns on your head grow some more.
Your vision blurs.
It was a potion of mutation.
* * * LOW HITPOINT WARNING * * *
You feel very sick.
You feel a little better.
Drink which item? (? for menu, Esc to quit)
You feel very buoyant.
You fly up into the air.
It was a potion of flight.
You die...

.........>.....
...........###
..........##.
.........##..#
.#......##.... ###.....
...♣. .. .#......# ....
.... .........##..#
####......
.......#..##.###@........
......###..#.##..........
.......#.....%..........
........................
..........(.............
..........((?..........
......................
.....................
....................


There were no monsters in sight!

Vanquished Creatures
  Eustachio (D:5)
  A sky beast (D:6)
  An ogre (D:5)
  An ice beast (D:6)
  A centaur (D:6)
  Blork the orc (D:5)
  A hound (D:5)
  3 crimson imps (D:5)
  2 scorpions
  A giant frog skeleton (D:5)
  2 worker ants (D:5)
  An ogre zombie (D:5)
  Ijyb (D:2)
  An ogre skeleton (D:6)
  4 adders
  A white imp (D:5)
  2 worms
  An adder skeleton (D:5)
  2 giant geckos (D:3)
  7 orcs
  A bat skeleton (D:4)
  8 giant cockroaches
  11 goblins
  7 hobgoblins
  A ball python (D:3)
  20 bats
  3 giant newts
  11 jackals (D:3)
  14 kobolds
  2 kobold skeletons
  An orc zombie (D:5)
  2 quokkas (D:5)
  17 rats
  A rat skeleton (D:4)
134 creatures vanquished.

Vanquished Creatures (others)
  An adder (D:6)
  A bat (D:6)
  A rat (D:6)
3 creatures vanquished.

Grand Total: 137 creatures vanquished

Notes
Turn   | Place    | Note
--------------------------------------------------------------
     0 | D:1      | Ragg, the Minotaur Berserker, began the quest for the Orb.
     0 | D:1      | Reached XP level 1. HP: 19/19 MP: 0/0
   281 | D:1      | Reached skill level 4 in Fighting
   281 | D:1      | Reached XP level 2. HP: 27/27 MP: 0/0
   575 | D:1      | Acquired Trog's second power
   898 | D:2      | Noticed Ijyb
   918 | D:2      | Killed Ijyb
   918 | D:2      | Reached XP level 3. HP: 7/33 MP: 1/1
  1794 | D:2      | Reached XP level 4. HP: 40/40 MP: 1/1
  2737 | D:4      | Found a staircase to the Ecumenical Temple.
  2827 | D:4      | Reached XP level 5. HP: 47/47 MP: 1/1
  2833 | D:4      | Found a shimmering altar of Xom.
  3056 | D:4      | Acquired Trog's third power
  3251 | D:5      | Entered Level 5 of the Dungeon
  3256 | D:5      | Reached skill level 5 in Polearms
  3582 | D:5      | Noticed an ogre
  3607 | D:5      | Killed an ogre
  3607 | D:5      | Reached XP level 6. HP: 16/53 MP: 2/2
  4042 | D:5      | Reached skill level 5 in Dodging
  4128 | D:5      | Noticed Eustachio
  4168 | D:5      | Killed Eustachio
  4168 | D:5      | Reached skill level 5 in Fighting
  4168 | D:5      | Reached XP level 7. HP: 31/60 MP: 2/2
  4894 | D:5      | Noticed Blork the orc
  4920 | D:5      | Killed Blork the orc
  4920 | D:5      | Reached skill level 5 in Armour
  4920 | D:5      | Reached skill level 1 in Stealth
  5558 | D:6      | Reached skill level 6 in Polearms
  6016 | D:6      | Reached XP level 8. HP: 40/68 MP: 2/2
  6041 | D:6      | HP: 3/68 [poisoned by a kobold]
  6042 | D:6      | Gained mutation: You have a pair of large horns on your head. [potion of mutation]
  6042 | D:6      | Gained mutation: Your vision is a little blurry. [potion of mutation]
  6042 | D:6      | HP: 1/68 [poisoned by a kobold]
  6043 | D:6      | Succumbed to a kobold's poison

Action                   |  1- 3 |  4- 6 |  7- 9 || total
-------------------------+-------+-------+-------++-------
Melee: Spear             |   113 |   287 |   219 ||   619
Invok: Berserk           |       |     1 |       ||     1
  Use: Scroll            |       |     2 |       ||     2
       Potion            |       |     2 |     3 ||     5
 Stab: Distracted        |       |     1 |       ||     1
